 Dungeon Crawl Stone Soup version 0.20-a0-903-g7e3609c (webtiles) character file.

1553 Firecrotchwizard the Cleaver (level 8, -5/106 HPs)
             Began as a Minotaur Berserker on Mar 20, 2017.
             Was an Elder of Trog.
             Slain by a two-headed ogre
             ... wielding a +0 giant spiked club
              (9 damage)
             ... on level 6 of the Dungeon.
             The game lasted 00:09:04 (4617 turns).

Firecrotchwizard the Cleaver (Minotaur Berserker)   Turns: 4617, Time: 00:09:04

Health: -5/106     AC: 15    Str: 28    XL:     8   Next: 57%
Magic:  7/7        EV: 10    Int:  4    God:    Trog [****..]
Gold:   255        SH:  0    Dex: 11    Spells: 7/7 levels left

rFire    . . .     SeeInvis .   a - +1 hand axe
rCold    . . .     Gourm    .   v - +0 plate armour
rNeg     + . .     Faith    .   (no shield)
rPois    .         Spirit   .   (helmet restricted)
rElec    .         Reflect  .   k - +1 cloak
rCorr    .         Harm     .   (no gloves)
MR       ++...                  (no boots)
Stlth    ..........             (no amulet)
Regen    1.3/turn               j - ring of positive energy
MPRegen  0.1/turn               i - ring of loudness (curse)

@: berserking, regenerating, very quick
A: retaliatory headbutt, horns 2
a: Berserk, Trog's Hand, Brothers in Arms, Burn Spellbooks, Renounce Religion


You were on level 6 of the Dungeon.
You worshipped Trog.
Trog was greatly pleased with you.
You were hungry.

You visited 1 branch of the dungeon, and saw 6 of its levels.

You collected 255 gold pieces.

Inventory:

Hand Weapons
 a - a +1 hand axe (weapon)
Missiles
 f - a tomahawk (quivered)
 p - a throwing net
Armour
 b - a +0 animal skin
 k - a +1 cloak (worn)
 q - a +0 chain mail
 v - a +0 plate armour (worn)
Jewellery
 d - an uncursed ring of magical power
 i - a cursed ring of loudness (left hand)
 j - a ring of positive energy (right hand)
Wands
 w - a wand of flame (41/48)
Scrolls
 l - 9 scrolls of identify
 x - a scroll of enchant armour
 y - a scroll of teleportation
 C - a scroll of remove curse {unknown}
Potions
 e - 3 potions of brilliance {unknown}
 h - 3 potions of curing {unknown}
 m - 3 potions of heal wounds
 o - a potion of magic {unknown}
 s - a potion of agility {unknown}
 t - 4 potions of flight {unknown}
 z - a potion of berserk rage {unknown}
 A - 2 potions of degeneration {unknown}
 B - a potion of lignification {unknown}
Comestibles
 c - 6 bread rations
 g - 3 meat rations
 n - 4 fruits
 r - 5 chunks of flesh
 u - 5 royal jellies


   Skills:
 + Level 6.8 Fighting
 * Level 9.1 Axes
 + Level 6.1 Armour
 + Level 5.5 Dodging


You had 7 spell levels left.
You didn't know any spells.

Dungeon Overview and Level Annotations

Branches:
Dungeon (6/15)
 Temple: D:4-7

Altars:
Fedhas
Ru
Vehumet
The Shining One


Innate Abilities, Weirdness & Mutations

You reflexively headbutt those who attack you in melee.
You have a pair of horns on your head.


Message History

The two-headed ogre is lightly wounded.
Your plate armour prevents you from hitting the two-headed ogre.
The two-headed ogre is lightly wounded.
The two-headed ogre hits you with a giant spiked club! x2
A red film seems to cover your vision as you go berserk!
You feel yourself moving faster!
You feel mighty!
You are feeling hungry.
The two-headed ogre hits you with a giant spiked club!!
* * * LOW HITPOINT WARNING * * *
The two-headed ogre hits you with a giant spiked club!
* * * LOW HITPOINT WARNING * * *
You hit the two-headed ogre.
You headbutt the two-headed ogre, but do no damage.
The two-headed ogre is lightly wounded.
You slash the two-headed ogre!
The two-headed ogre is moderately wounded.
You hit the two-headed ogre.
The two-headed ogre is heavily wounded.
The two-headed ogre hits you with a giant spiked club!
You die...

#....#### ##.......#.
##..........
#.........#. ..
#............# ..
#..........#.## ..
#...O†........## ..
#...@..........### ..
#................# ..
##................#..
#............#....##
#....(.......##....#
##...........###....
#........#..####...
#.......##..##.....
##.....###..#......


You could see a two-headed ogre.

Vanquished Creatures
  Grinder (D:3)
  2 ogres
  A phantom (D:4)
  A centaur (D:4)
  2 bullfrogs (D:6)
  2 howler monkeys (D:6)
  A crimson imp (D:5)
  3 hounds (D:4)
  3 orc priests
  Crazy Yiuf (D:2)
  A bullfrog skeleton (D:3)
  A gnoll shaman (D:6)
  Jessica (D:3)
  Terence (D:3)
  3 orc wizards
  2 worker ants (D:4)
  A hound skeleton (D:5)
  7 gnolls
  10 adders
  5 oozes
  An adder zombie (D:6)
  2 worms
  8 dart slugs
  A leopard gecko (D:3)
  17 orcs
  4 giant cockroaches
  4 goblins
  8 hobgoblins
  16 jackals
  2 quokkas
  2 ball pythons
  7 bats
  4 frilled lizards
  9 kobolds
  A leopard gecko skeleton (D:6)
  5 rats
140 creatures vanquished.

Notes
Turn   | Place    | Note
-------+----------+-------------------------------------------
     0 | D:1      | Firecrotchwizard the Minotaur Berserker began the quest for the Orb.
     0 | D:1      | Reached XP level 1. HP: 19/19 MP: 0/0
   254 | D:1      | Reached XP level 2. HP: 27/27 MP: 1/1
   385 | D:1      | Reached skill level 4 in Axes
   450 | D:1      | Reached XP level 3. HP: 25/33 MP: 2/2
   659 | D:1      | Reached ** piety under Trog
  1027 | D:2      | Reached XP level 4. HP: 30/40 MP: 3/3
  1330 | D:2      | Found a glowing golden altar of the Shining One.
  1551 | D:2      | Reached skill level 5 in Axes
  1635 | D:2      | Found a runed door.
  1801 | D:2      | Noticed Crazy Yiuf
  1805 | D:2      | Killed Crazy Yiuf
  1805 | D:2      | Reached XP level 5. HP: 45/47 MP: 4/4
  1857 | D:3      | Noticed Terence
  1869 | D:3      | Killed Terence
  1963 | D:3      | Noticed Grinder
  1965 | D:3      | Found a sacrificial altar of Ru.
  1972 | D:3      | Paralysed by Grinder for 5 turns
  1985 | D:3      | Killed Grinder
  1985 | D:3      | Reached skill level 5 in Fighting
  1985 | D:3      | Reached skill level 6 in Axes
  1985 | D:3      | Reached XP level 6. HP: 49/56 MP: 5/5
  1986 | D:3      | Found a blossoming altar of Fedhas.
  1987 | D:3      | Found a radiant altar of Vehumet.
  2121 | D:3      | Found a sacrificial altar of Ru.
  2128 | D:3      | Noticed Jessica
  2131 | D:3      | Killed Jessica
  2233 | D:3      | Reached *** piety under Trog
  2304 | D:3      | Reached XP level 7. HP: 58/61 MP: 6/6
  2957 | D:4      | Reached skill level 7 in Axes
  3120 | D:4      | Reached skill level 5 in Armour
  3384 | D:4      | Reached **** piety under Trog
  3384 | D:4      | Reached XP level 8. HP: 65/70 MP: 7/7
  3694 | D:4      | Reached skill level 5 in Dodging
  3850 | D:5      | Entered Level 5 of the Dungeon
  3869 | D:5      | Reached skill level 8 in Axes
  4095 | D:5      | You fall through a shaft!
  4554 | D:6      | Reached skill level 9 in Axes
  4602 | D:6      | Noticed a two-headed ogre
  4614 | D:6      | HP: 2/106 [two-headed ogre/giant spiked club (10)]
  4617 | D:6      | Slain by a two-headed ogre

Vault maps used:
D:1:      doesnt_arrival_eight_statues, minmay_pentomino_o2
D:2:      grunt_ministairs_6, nicolae_tso_swordbearing_angel,
          uniq_crazy_yiuf_cottage
D:3:      kb_forest_paths, grunt_temple_overflow_open,
          nicolae_ru_great_annihilating_truth, uniq_jessica, uniq_grinder,
          uniq_terence
D:4:      first_bread, grunt_ministairs_4
D:5:      cheibrodos_quashed, overflow_temple_1_default, serial_shops,
          nicolae_shop_trees

Skill      XL: |  1  2  3  4  5  6  7  8 |
---------------+-------------------------+-----
Armour         | 3 4 5 6 |  6.1
Axes           | 4 5 6 7 9 |  9.1
Fighting       | 4 5 6 |  6.8
Dodging        | 3 4 5 |  5.5

Action                   |  1- 3 |  4- 6 |  7- 9 || total
-------------------------+-------+-------+-------++-------
Melee: Hand axe          |    65 |    74 |   203 ||   342
       Headbutt          |     7 |    13 |    37 ||    57
Throw: Tomahawk          |       |       |     2 ||     2
Invok: Trog's Hand       |       |     1 |     2 ||     3
       Berserk           |       |     1 |     1 ||     2
  Use: Scroll            |       |     5 |     6 ||    11
 Stab: Paralysed         |       |     1 |       ||     1
  Eat: Chunk             |       |     6 |     8 ||    14
Armor: Animal skin       |    10 |     1 |       ||    11
       Chain mail        |       |    33 |       ||    33
       Plate armour      |       |     8 |   103 ||   111
Dodge: Dodged            |    42 |    32 |    59 ||   133
